 Dungeon Crawl Stone Soup version 0.26-a0-683-g5206c1d7ac (webtiles) character file.

Game seed: 10903293729359766596

16391 jasper the Basher (level 12, -7/79 HPs)
             Began as a Kobold Berserker on Oct 23, 2020.
             Was a High Priest of Trog.
             Mangled by a black mamba (10 damage)
             ... on level 2 of the Lair of Beasts.
             The game lasted 00:17:46 (16365 turns).

jasper the Basher (Kobold Berserker)               Turns: 16365, Time: 00:17:47

Health: -7/79      AC: 17    Str: 15    XL:     12   Next: 69%
Magic:  12/12      EV: 10    Int: 12    God:    Trog [*****.]
Gold:   183        SH:  0    Dex: 17    Spells: 11/11 levels left

rFire    . . .     SeeInvis +   F - +1 flail (protect)
rCold    + . .     Faith    .   (shield restricted)
rNeg     . . .     Spirit   .   U - +0 chain mail of Mukluc {rPois rC+ Int+2 Slay+2} (curse)
rPois    +         Reflect  .   v - +2 helmet
rElec    .         Harm     .   r - +0 cloak
rCorr    .         Rampage  .   (no gloves)
MR       +++..                  b - +0 pair of boots
Stlth    ..........             (no amulet)
HPRegen  1.23/turn              W - ring of protection from magic
MPRegen  0.13/turn              x - ring of see invisible

@: berserk cooldown, regenerating, slowed, very slow
A: small, nightstalker 3
a: Berserk, Trog's Hand, Brothers in Arms, Renounce Religion


You were on level 2 of the Lair of Beasts.
You worshipped Trog.
Trog was extremely pleased with you.
You visited 2 branches of the dungeon, and saw 13 of its levels.

You collected 922 gold pieces.
You spent 739 gold pieces at shops.

Inventory:

Hand Weapons
 a - a +0 mace
 l - a +0 hunting sling
 s - a +0 flail
 F - a +1 flail of protection (weapon)
 K - the +1 mace of the Pillar {pain, rC+ Int+3 Dex+8 Stlth-}
   (You found it on level 7 of the Dungeon)

   In the hands of one skilled in necromantic magic, it inflicts extra damage on
   living creatures.
   It affects your intelligence (+3).
   It affects your dexterity (+8).
   It protects you from cold.
   It makes you less stealthy.
   Trog disapproves of the use of such an item.
Missiles
 e - 674 stones
 n - 2 boomerangs (quivered)
 p - 110 sling bullets
Armour
 b - a +0 pair of boots (worn)
 r - a +0 cloak (worn)
 v - a +2 helmet (worn)
 U - the cursed +0 chain mail of Mukluc (worn) {rPois rC+ Int+2 Slay+2}
   (You bought it in a shop on level 11 of the Dungeon)

   It affects your intelligence (+2).
   It affects your accuracy and damage with ranged weapons and melee attacks
   (+2).
   It protects you from cold.
   It protects you from poison.
   It has a curse placed upon it.
Jewellery
 w - an uncursed ring of attention
 x - a ring of see invisible (right hand)
 z - an uncursed ring of poison resistance
 D - an uncursed ring of wizardry
 O - an uncursed ring of ice
 P - an uncursed ring of flight
 W - a ring of protection from magic (left hand)
Wands
 g - a wand of paralysis (4)
 y - a wand of disintegration (24)
 I - a wand of polymorph (11)
 L - a wand of random effects (21)
 V - a wand of acid (9)
Scrolls
 c - 5 scrolls of enchant weapon
 m - 8 scrolls of remove curse
 u - 5 scrolls of teleportation
 A - 3 scrolls of amnesia
 E - a scroll of immolation
 G - 3 scrolls of fog {unknown}
 N - a scroll of vulnerability {unknown}
 Q - a scroll of brand weapon {unknown}
 S - 2 scrolls of fear
 X - a scroll of holy word {unknown}
 Z - a scroll of torment {unknown}
Potions
 f - 4 potions of stabbing
 h - 4 potions of cancellation
 i - 2 potions of mutation
 j - 6 potions of curing
 k - a potion of magic {unknown}
 o - a potion of invisibility
 t - 5 potions of lignification
 B - a potion of haste
 C - 2 potions of brilliance
 H - 3 potions of berserk rage
 J - 2 potions of might
 M - 2 potions of flight {unknown}
 T - 3 potions of degeneration {unknown}
 Y - a potion of ambrosia {unknown}
Miscellaneous
 d - a condenser vane (1/2)
 R - a lightning rod (4/4)


   Skills:
 + Level 10.7 Fighting
 - Level 11.0 Maces & Flails
 + Level 8.1 Armour
 - Level 2.4 Dodging
 + Level 11.0 Evocations


You had 11 spell levels left.
You didn't know any spells.
Your spell library was empty.

Dungeon Overview and Level Annotations

Branches:
Dungeon (11/15)              Lair (2/6) D:8
 Temple: D:4-7        Swamp: Lair:2-4    Shoals: Lair:2-4     Snake: Lair:2-4
 Spider: Lair:2-4       Orc: D:9-12

Altars:
Cheibriados
Sif Muna
Yredelemnul

Shops:
D:7 *   D:11 *

Annotations:
D:3 1 transporter, Frask's ghost, novice DsFi


Innate Abilities, Weirdness & Mutations

You are small and have problems with some larger weapons.
You are completely attuned to the shadows.


Message History

The black mamba bites you but does no damage.
The black mamba bites you!
* * * LOW HITPOINT WARNING * * *
You are more poisoned.
The black mamba poisons you!
You take 11 damage, and have 8/79 hp.
You feel better. The black mamba bites you!
* * * LOW HITPOINT WARNING * * *
The black mamba barely misses you. The black mamba bites you.
* * * LOW HITPOINT WARNING * * *
You are poisoned.
The black mamba poisons you!
You take 5 damage, and have 3/79 hp.
Evoke which item? (* to show all) (? for menu, Esc to quit)
Okay, then.
You feel better. The black mamba bites you!
* * * LOW HITPOINT WARNING * * *
The black mamba bites you but does no damage.
The black mamba bites you!
You die...

#.P#
##.#######.........##P.##
..##
#.P##.##...........#..#
..#
#................######
#.## ##..........###### #
...## ##...##...#..######
#$ #...#
#..###########.##P######†.
#..## #P..#
##.#....[†..#... #..##
##..# ###..#.........S.#
#..P# #..##
#@S......####†..## #..##
#.#.######..#...## ##...#
#..# #...............≈#
#...# ####
#P####.##...#...... ....#
### ####.......... ...#
##..###.#.# .... ..


You could see a black mamba.

Vanquished Creatures
  2 hydras
  2 two-headed ogres (D:10)
  An unseen horror (D:10)
  2 ugly things (D:11)
  A black mamba (Lair:2)
  3 cane toads
  A gargoyle (D:10)
  A rime drake (Lair:2)
  Maggie (D:7)
  2 komodo dragons (Lair:1)
  A troll (D:9)
  2 polar bears
  A hornet (D:10)
  A vampire (D:9)
  A wraith (D:11)
  2 wyverns (Lair:2)
  9 yaks
  2 water moccasins
  Duvessa (D:7)
  6 orc warriors
  2 phantoms
  2 sky beasts
  4 black bears
  2 ice beasts
  5 ogres
  3 necrophages
  2 centaurs
  3 wolves (Lair:1)
  2 big kobolds
  Blork the orc (D:6)
  10 bullfrogs
  2 scorpions
  Dowan (D:7)
  4 howler monkeys
  3 wights (D:10)
  An electric eel (Lair:1)
  2 centaur zombies
  A bullfrog zombie (D:7)
  2 jellies
  Crazy Yiuf (D:7)
  9 orc priests
  6 hounds
  2 bullfrog skeletons
  Jessica (D:9)
  An iguana (D:5)
  13 orc wizards
  10 worker ants
  2 hound zombies
  A hound skeleton (D:5)
  A worker ant zombie (D:6)
  6 gnolls
  14 adders
  4 white imps
  An ufetubus (D:8)
  An adder skeleton (D:8)
  4 worms
  2 dart slugs
  3 leopard geckos
  39 orcs
  4 giant cockroaches
  5 goblins
  9 hobgoblins
  11 jackals
  2 quokkas (D:6)
  A ball python skeleton (D:4)
  5 bats
  5 frilled lizards
  A jackal skeleton (D:6)
  14 kobolds
  10 rats
282 creatures vanquished.

Vanquished Creatures (collateral kills)
  A boulder beetle (Lair:2)
  5 yaks (D:9)
  A water moccasin (Lair:2)
  A hound zombie (D:9)
  2 jackals (D:9)
10 creatures vanquished.

Vanquished Creatures (others)
  An ice beast (D:10)
  An orc wizard (D:4)
  2 fungi
  4 plants (Lair:1)
8 creatures vanquished.

Grand Total: 300 creatures vanquished

Notes
Turn   | Place    | Note
-------+----------+-------------------------------------------
     0 | D:1      | jasper the Kobold Berserker began the quest for the Orb.
     0 | D:1      | Reached XP level 1. HP: 14/14 MP: 1/1
   287 | D:1      | Reached XP level 2. HP: 13/19 MP: 2/2
   987 | D:1      | Reached XP level 3. HP: 21/23 MP: 3/3
  1662 | D:2      | Found a faded altar of an unknown god.
  1778 | D:3      | Reached ** piety under Trog
  1882 | D:3      | Found a snail-covered altar of Cheibriados.
  1897 | D:3      | Reached XP level 4. HP: 24/28 MP: 4/4
  2388 | D:3      | Reached XP level 5. HP: 32/32 MP: 5/5
  2425 | D:3      | Found a transporter.
  2466 | D:3      | Noticed Frask's ghost (novice DsFi)
  2481 | D:3      | Noticed an ogre
  2483 | D:3      | Noticed an ogre
  2592 | D:3      | Reached skill level 5 in Maces & Flails
  2989 | D:4      | Noticed an ogre
  2996 | D:4      | Killed an ogre
  2996 | D:4      | Reached XP level 6. HP: 37/37 MP: 6/6
  3269 | D:4      | Reached XP level 7. HP: 41/41 MP: 7/7
  3813 | D:4      | Found a basalt altar of Yredelemnul.
  4251 | D:5      | Entered Level 5 of the Dungeon
  4317 | D:5      | Reached XP level 8. HP: 36/46 MP: 8/8
  4524 | D:5      | Reached *** piety under Trog
  5505 | D:6      | Noticed Blork the orc
  5518 | D:6      | Killed Blork the orc
  6358 | D:7      | Found Rooq's General Store.
  6510 | D:7      | Reached XP level 9. HP: 36/51 MP: 9/9
  6640 | D:7      | Noticed Maggie
  6653 | D:7      | Killed Maggie
  6653 | D:7      | Reached skill level 10 in Maces & Flails
  6803 | D:7      | Noticed Dowan
  6815 | D:7      | Killed Dowan
  6832 | D:7      | Noticed Duvessa
  6846 | D:7      | Killed Duvessa
  6913 | D:7      | Found a runed translucent door.
  6914 | D:7      | Got a faintly glowing mace
  6915 | D:7      | Identified the cursed +1 mace of the Pillar {pain, rC+
                  | Int+3 Dex+8 Stlth-} (You found it on level 7 of the
                  | Dungeon)
  6936 | D:7      | Noticed Crazy Yiuf
  6940 | D:7      | Killed Crazy Yiuf
  7205 | D:7      | Reached skill level 1 in Evocations
  7953 | D:8      | Reached **** piety under Trog
  7966 | D:8      | Reached XP level 10. HP: 38/57 MP: 10/10
  8172 | D:8      | Found a staircase to the Lair.
  8211 | D:8      | Reached skill level 5 in Fighting
  8736 | D:9      | Reached skill level 5 in Evocations
  9382 | D:9      | HP: 3/88 [orc wizard/+0 dagger (2)]
  9636 | D:9      | Reached skill level 5 in Armour
  9775 | D:9      | Noticed Jessica
  9776 | D:9      | Killed Jessica
  9784 | D:9      | Found a shimmering blue altar of Sif Muna.
 10033 | D:10     | Entered Level 10 of the Dungeon
 10429 | D:10     | Noticed a two-headed ogre
 10442 | D:10     | Reached XP level 11. HP: 59/67 MP: 11/11
 10445 | D:10     | Killed a two-headed ogre
 10936 | D:10     | Noticed an unseen horror
 10948 | D:10     | Killed an unseen horror
 11628 | D:10     | Noticed a two-headed ogre
 11642 | D:10     | Killed a two-headed ogre
 12585 | D:11     | Found Pesa's General Store.
 12591 | D:11     | Bought the cursed +0 chain mail of Mukluc {rPois rC+ Int+2
                  | Slay+2} for 387 gold pieces
 12692 | D:7      | Bought a wand of acid (12) for 352 gold pieces
 12756 | D:11     | Noticed a brown ugly thing
 12771 | D:11     | Killed a brown ugly thing
 13301 | D:11     | Noticed a green ugly thing
 13311 | D:11     | Killed a green ugly thing
 13498 | D:11     | Reached XP level 12. HP: 76/76 MP: 12/12
 13809 | Lair:1   | Entered Level 1 of the Lair of Beasts
 13969 | Lair:1   | Reached ***** piety under Trog
 14284 | Lair:1   | Reached skill level 10 in Evocations
 14524 | Lair:1   | Noticed a seven-headed hydra
 14531 | Lair:1   | Killed a seven-headed hydra
 14531 | Lair:1   | Reached skill level 10 in Fighting
 15291 | Lair:2   | Noticed a boulder beetle
 15304 | Lair:2   | Killed a boulder beetle
 16338 | Lair:2   | Noticed a six-headed hydra
 16349 | Lair:2   | Killed a six-headed hydra
 16364 | Lair:2   | HP: 3/79 [black mamba (3)]
 16365 | Lair:2   | Mangled by a black mamba

Illustrated notes

Levels and vault maps discovered:
D:1:      minmay_arrival_four_houses, layout_loops_ring
D:2:      layout_rooms, chequers_ecumenical_altar_simple_redux
D:3:      layout_basic, gammafunk_ghost_smash, cheibriados_altar_1
D:4:      layout_basic, kennysheep_little_box
D:5:      layout_basic, minmay_temple_entry_from_below_a
D:6:      layout_gridville, nicolae_ossuary_entry_plus, uniq_blork_the_orc
D:7:      layout_loops_cross, serial_shops, kennysheep_mini, st_stairs_11,
          uniq_crazy_yiuf_cottage, uniq_duvessa, uniq_maggie
D:8:      layout_rooms, lair_entry_dummy
D:9:      layout_cave_pools, tgw_sif
D:10:     layout_long_grid
D:11:     layout_irregular_city, serial_shops, shop, nicolae_twisting_strands
Lair:1:   layout_long_grid, serial_bayou_pond_e, gammafunk_lair_bear_cave,
          infiniplex_staircase_pool
Lair:2:   layout_small_grid, palyth_hydra_swamp_entry,
          hangedman_lair_generics_rect, grunt_megastairs_5, lemuel_fruit_tree

Skill      XL: |  1  2  3  4  5  6  7  8  9 10 11 12 |
---------------+-------------------------------------+-----
Maces & Flails | 3 4 5 6 8 9 11 | 11.0
Evocations     | 3 7 9 11 | 11.0
Armour         | 3 5 7 8 |  8.1
Fighting       | 4 7 9 10 | 10.7
Dodging        | |  2.4

Action                   |  1- 3 |  4- 6 |  7- 9 | 10-12 || total
-------------------------+-------+-------+-------+-------++-------
Melee: Mace              |    88 |    19 |       |       ||   107
       Flail             |       |    94 |   416 |   684 ||  1194
 Fire: Hunting sling     |    17 |     1 |       |       ||    18
Throw: Stone             |    16 |     4 |     2 |     3 ||    25
Invok: Berserk           |     2 |     6 |    12 |    20 ||    40
       Trog's Hand       |       |     1 |     5 |     5 ||    11
       Brothers in Arms  |       |       |       |     2 ||     2
Evoke: Wand              |       |       |     2 |    11 ||    13
       Condenser vane    |       |       |       |     1 ||     1
  Use: Scroll            |       |       |    16 |     5 ||    21
       Potion            |       |       |       |     6 ||     6
Armor: Animal skin       |     2 |       |       |       ||     2
       Chain mail        |    30 |    48 |   215 |   478 ||   771
Dodge: Dodged            |    66 |    40 |   172 |   365 ||   643

Table legend: (Time is in decaauts)
 A = Elapsed time spent in this place.
 B = Non-inter-level travel time spent in this place.
 C = Inter-level travel time spent in this place.
 D = Time resting spent in this place.
 E = Time spent auto-exploring this place.
 F = Levels seen in this place.
 G = Mean time per level.
                   A        B        C        D        E       F      G
               +--------+--------+--------+--------+--------+-----+--------+
         Total |  16605 |  15953 |    652 |   4009 |   9688 |  13 | 1277.3 |
       Dungeon |  14023 |  13437 |    586 |   3265 |   8197 |  11 | 1274.8 |
          Lair |   2582 |   2517 |     65 |    744 |   1491 |   2 | 1291.0 |
               +--------+--------+--------+--------+--------+-----+--------+

Top non-repeatable levels by time:
    D:10: 2499 daAuts
     D:8: 1685 daAuts
  Lair:1: 1605 daAuts
     D:4: 1338 daAuts
     D:7: 1293 daAuts
     D:1: 1273 daAuts
     D:3: 1249 daAuts
    D:11: 1163 daAuts
     D:6: 1162 daAuts
     D:9: 1034 daAuts
  Lair:2: 976 daAuts
     D:5: 784 daAuts
     D:2: 538 daAuts
